woodfighter, chaotic female human Rogue ----- --------- |...-%######-..)....| ....| # |.).)..<| ------ |^..| ###|...Nd..| |`.... |./.| #.....@..| |.....`.....- ....| --------- | ----- ----- woodfighter the Cutpurse Experience level: 4 Strength: 14 Dexterity: 18 Constitution: 15 Intelligence: 10 Wisdom: 11 Charisma: 7 Health: 0(34) Energy: 15(15) Def: 3 Gold: 0 Moves: 3001 Dungeon seed: eQQWY9UfjufhZArL Game ID: woodfighter_1556400073 Your Inventory: Weapons a - a +0 short sword (weapon in hand) Armor e - an uncursed +1 leather armor (being worn) z - a cursed -1 pair of leather gloves Comestibles h - 2 uncursed food rations l - an uncursed eucalyptus leaf Tools k - an uncursed brass lantern (0:1150) s - an uncursed sack w - an uncursed magic whistle y - an uncursed lock pick W - an uncursed blindfold Contents of the sack: 427 gold pieces 2 [uncursed] eggs an uncursed scroll of enchant weapon a [uncursed] scroll of fire a [cursed] scroll of identify a [blessed] scroll of identify a cursed scroll of light a [uncursed] scroll of scare monster a [uncursed] scroll of scare monster a [uncursed] scroll of taming a [uncursed] potion of levitation a [blessed] potion of paralysis an uncursed potion of sickness a [uncursed] potion of water a [uncursed] [+1] ring of adornment a wand of opening (0:3) a [uncursed] worthless piece of blue glass a [uncursed] worthless piece of orange glass 2 uncursed worthless pieces of red glass a [uncursed] worthless piece of yellowish brown glass Spells and supernatural/magical abilities: Name Level Category Fail Memory W - pray for help -- divine ? -- Your skills at the end: Miscellaneous Skills wands [Basic] Weapon Skills dagger [Basic] short sword [Basic] Spellcasting Skills Final Attributes: You were piously aligned. You were very stealthy. You are dead. Vanquished creatures: an imp a straw golem 2 floating eyes an iguana 2 jitterbugs a gas spore an acid blob 4 giant rats a cave spider a brown mold a yellow mold 2 manes a fox a kobold 7 newts a goblin 2 sewer rats 2 grid bugs 4 lichens 36 creatures vanquished. Voluntary challenges: You did not adorn yourself with jewelry or accessories. You did not cause conflict. You were not invisible. You did not have reflection. You were not displaced. You used a wielded weapon 63 times, starting on turn 94. You did not apply a unicorn horn. You did not use plumbed fixtures. You did not drink any magical draughts. You read items or engraved 1 time, starting on turn 851. You never genocided any monsters. You never polymorphed an object. You never changed form. You used no wishes. You never split a pudding. You never wrote Elbereth's name. You never violated your personal moral code. Dungeon overview: The Dungeons of Doom: levels 1 to 6 Level 1 a long staircase Level 2 some altars to Kos, a fountain stairs to The Gnomish Mines Level 3 a scroll shop, some fountains Level 4 Level 5 (throne) a throne Level 6 (bones) <- You were here The Gnomish Mines: Level 3 stairs to The Dungeons of Doom History has recorded: On T:1 you entered the Dungeons of Doom to retrieve the Amulet of Yendor! On T:18 you reached level 2 of The Dungeons of Doom. On T:394 you reached level 3 of The Dungeons of Doom. On T:621 you reached level 1 of The Gnomish Mines. On T:679 you advanced to experience level 2. On T:1039 you advanced to experience level 3. On T:1046 you reached level 4 of The Dungeons of Doom. On T:1169 you advanced to experience level 4. On T:1784 you prayed to Kos. On T:1893 you reached level 5 of The Dungeons of Doom. On T:2227 you reached level 6 of The Dungeons of Doom. On T:2996 you prayed to Kos. Score breakdown: Gold: 427 ( 42 points) Experience: 4 levels ( 300 points) Exploration: 6 levels ( 150 points) Discoveries: 16 items ( 800 points) Variety of kills: 19 monsters ( 950 points) Major goal: (nothing yet) ( 0 points) Survival: died (score multiplied by 3) Total score: 6726 Latest messages: You stab the winter wolf. The winter wolf bites! You stab the winter wolf! The winter wolf bites! You stab the winter wolf! The winter wolf bites! You stab the winter wolf! The winter wolf bites! You begin praying to Kos. You are surrounded by a shimmering light. The winter wolf starts to attack you, but pulls back. The guardian naga hatchling starts to attack you, but pulls back. The winter wolf starts to attack you, but pulls back. The guardian naga hatchling starts to attack you, but pulls back. The winter wolf starts to attack you, but pulls back. You feel that Kos is well-pleased. You feel much better. You stab the winter wolf! The guardian naga hatchling bites! The winter wolf bites! You stab the winter wolf! The guardian naga hatchling bites! The winter wolf bites! You stab the winter wolf. The winter wolf bites! You die... Final status: Goodbye woodfighter the Rogue, killed by a winter wolf... You died in The Dungeons of Doom on dungeon level 6 with 6726 points, and 427 pieces of gold, after 3001 moves. You were level 4 with a maximum of 34 hit points when you died.